 Dungeon Crawl Stone Soup version 0.27-a0-994-g5030419646 (console) character file.

Game seed: 2414584892460869659

28 Banquo the Magician (level 3, -8/29 HPs)
             Began as a Djinni Warper on Apr 16, 2021.
             Splashed by a jelly's acid (9 damage)
             ... on level 1 of the Dungeon.
             The game lasted 00:05:12 (2714 turns).

Banquo the Magician (Djinni Warper)                 Turns: 2714, Time: 00:05:14

Health: -8/29      AC:  0    Str: 10    XL:     3   Next: 14%
Gold:   76         EV: 11    Int: 15    God:
                   SH:  0    Dex: 12

rFire    + + .     SeeInvis .   a - +0 falchion
rCold    x . .     Faith    .   (no shield)
rNeg     . . .     Spirit   .   b - +0 leather armour
rPois    ∞         Reflect  .   (no helmet)
rElec    .         Harm     .   (no cloak)
rCorr    .         Rampage  .   (no gloves)
Will     .....                  (boots unavailable)
Stlth    +.........             (no amulet)
HPRegen  0.09/turn              (no ring)
MPRegen  0.00/turn              (no ring)

@: corroded, flying
A: fire resistance 2, cold vulnerability 1, float, innate caster, hp casting,
extra vitality 1
a: no special abilities


You were on level 1 of the Dungeon.
You visited 1 branch of the dungeon, and saw 2 of its levels.

You collected 76 gold pieces.

Inventory:

Hand Weapons
 a - a +0 falchion (weapon)
 l - a +0 vampiric spear
Missiles
 c - 2 curare-tipped darts (quivered)
 e - 5 boomerangs of dispersal
 g - 7 stones
Armour
 b - a +0 leather armour (worn)
Scrolls
 d - a scroll of blinking
 h - a scroll of amnesia {unknown}
 i - a scroll of fog {unknown}
 j - a scroll of enchant weapon {unknown}
Potions
 f - 2 potions of curing {unknown}
 k - a potion of resistance {unknown}


   Skills:
 * Level 2.3 Fighting
 * Level 0.7(1.3) Short Blades
 - Level 1.7(1.9) Long Blades
 - Level 0.7 Throwing
 - Level 1.0 Armour
 - Level 2.1 Dodging
 * Level 3.3 Spellcasting


You couldn't memorise any spells.
You knew the following spells:

 Your Spells              Type           Power      Damage    Failure   Level
a - Beastly Appendage     Tmut           24%        N/A       7%          1
b - Lesser Beckoning      Tloc           6%         N/A       21%         3
g - Gell's Gravitas       Tloc           6%         N/A       21%         3
m - Manifold Assault      Tloc           12%        N/A       88%         5
t - Teleport Other        Tloc           12%        N/A       21%         3
B - Blink                 Tloc           N/A        N/A       11%         2
Your spell library was empty.

Dungeon Overview and Level Annotations

Branches:
Dungeon (2/15)

Altars:

Shops:
D:1 [

Annotations:
D:2 Sigmund


Innate Abilities, Weirdness & Mutations

You are immune to poison.
Your flesh is very heat resistant. (rF++)
You are vulnerable to cold. (rC-)
You float through the air rather than walking.
You learn spells naturally, not from books.
Your magical power is your life essence.
You have superior vitality. (+4 HP)


Message History

A jelly is nearby!
The jelly quivers.
You hit the jelly.
Your hands burn!
The jelly is lightly wounded.
The jelly hits you.
You are splashed with acid!
The jelly barely misses you.
You hit the jelly.
Your hands burn!
The jelly is moderately wounded.
The jelly hits you.
You are splashed with acid!
* * * LOW HITPOINT WARNING * * *
Unknown command.
Casting: Blink (safe; 11% risk of failure)
Confirm with . or Enter, or press ? or * to list all spells.
You blink.
* * * LOW HITPOINT WARNING * * *
The jelly jiggles.
Unknown command.
The jelly jiggles.
The jelly jiggles.
You hit the jelly. The acid corrodes you!
Your hands burn!
The jelly is lightly wounded.
The jelly barely misses you.
You hit the jelly but do no damage.
Your hands burn!
The jelly is lightly wounded.
The jelly closely misses you.
You barely miss the jelly.
The jelly is lightly wounded.
The jelly misses you.
You riposte.
You hit the jelly.
The jelly is heavily wounded.
The jelly misses you.
You hit the jelly but do no damage.
Your hands burn!
The jelly is heavily wounded.
The jelly hits you.
You are splashed with acid!
* * * LOW HITPOINT WARNING * * *
You hit the jelly but do no damage.
Your hands burn!
* * * LOW HITPOINT WARNING * * *
The jelly is heavily wounded.
The jelly hits you.
* * * LOW HITPOINT WARNING * * *
You are splashed with acid!
You die...

## ### .########### #.#
...........# #.#
..........###########.###########
...............J@................
.#######..###########.##.###.....
.#######..# #.##.# #..#..
..........# #.#..# #..#..
.##.####..###########.#..###..#..
.................................
...............######............
.#........####.# #............
.#........# #.# #............


You could see a jelly.

Vanquished Creatures
  4 bats
  4 endoplasms (D:1)
  3 giant cockroaches (D:1)
  2 hobgoblins (D:1)
  4 kobolds
  2 quokkas
  A ball python (D:1)
  2 frilled lizards
  A goblin (D:1)
  2 rats
25 creatures vanquished.

Vanquished Creatures (others)
  3 plants (D:1)
3 creatures vanquished.

Grand Total: 28 creatures vanquished

Notes
Turn   | Place    | Note
-------+----------+-------------------------------------------
     0 | D:1      | Banquo the Djinni Warper began the quest for the Orb.
     0 | D:1      | Reached XP level 1. HP: 18/18 MP: 0/0
   303 | D:1      | Reached XP level 2. HP: 15/23 MP: 0/0
   436 | D:1      | Reached skill level 3 in Spellcasting
   950 | D:1      | Found Ysocsorgh's Antique Armour Boutique.
  1890 | D:2      | Reached XP level 3. HP: 28/28 MP: 0/0
  1890 | D:2      | Learned a level 1 spell: Beastly Appendage
  2031 | D:2      | Noticed Sigmund
  2714 | D:1      | HP: 1/29 [jelly (2)]
  2714 | D:1      | Splashed by a jelly's acid

Illustrated notes

Levels and vault maps discovered:
D:1:      eino_arrival_tree_alley, layout_basic, serial_shops,
          nicolae_shop_behind_doors
D:2:      layout_loops_cross, roderic_lattice_a, uniq_sigmund

Skill      XL: |  1  2 |
---------------+-------+-----
Spellcasting   | 3 |  3.3
Fighting       | |  2.3
Short Blades   | |  0.7
Long Blades    | |  1.7
Throwing       | |  0.7
Armour         | |  1.0
Dodging        | |  2.1

Action                   || total
-------------------------++-------
Melee: Falchion          ||    80
 Cast: Blink             ||     2
Armor: Leather armour    ||    21
Dodge: Dodged            ||    57
       Rpst.: Falchion   ||    20

Table legend: (Time is in decaauts)
 A = Elapsed time spent in this place.
 B = Non-inter-level travel time spent in this place.
 C = Inter-level travel time spent in this place.
 D = Time resting spent in this place.
 E = Time spent auto-exploring this place.
 F = Levels seen in this place.
 G = Mean time per level.
                   A        B        C        D        E       F      G
               +--------+--------+--------+--------+--------+-----+--------+
         Total |   2732 |   2611 |    121 |    115 |   1974 |   2 | 1366.0 |
       Dungeon |   2732 |   2611 |    121 |    115 |   1974 |   2 | 1366.0 |
               +--------+--------+--------+--------+--------+-----+--------+

Top non-repeatable levels by time:
     D:1: 2532 daAuts
     D:2: 199 daAuts
